NYP
ABERDEEN IRONBIRDS @ SPOKANE INDIANS
10/15/2047
 
TOP OF THE 1ST
University of Minnesota Golden Gophers batting - Pitching for Louisiana State University Tigers : LHP Logan Corrigan
Pitching: LHP Logan Corrigan
Batting: RHB Alex Guerra 0-0: Bunt for hit to 3S - play at first, batter OUT! 3-4
Batting: RHB Tatsuyoshi Ikeda 0-0: Ground out 5-3 (Groundball, 5, EV 83.1 MPH)
Batting: RHB Ned Scovell 0-0: Called Strike
0-1: Called Strike
0-2: Strikes out swinging
Top of the 1st over - 0 runs, 0 hits, 0 errors, 0 left on base; University of Minnesota 0 - Louisiana State University 0
BOTTOM OF THE 1ST
Louisiana State University Tigers batting - Pitching for University of Minnesota Golden Gophers : LHP Travis Evans
Pitching: LHP Travis Evans
Batting: LHB Alex Morales 0-0: Ground out 5-3 (Groundball, 56, EV 108.1 MPH)
Batting: RHB Pete Roberts 0-0: Ball
1-0: Foul Ball, location: 2F
1-1: Ball
2-1: Ground out 4-3 (Groundball, 34, EV 107.5 MPH)
Batting: RHB Leo Roldan 0-0: Ball
1-0: DOUBLE (Line Drive, 89M, EV 88.8 MPH)
Batting: RHB Keith Ashton 0-0: Foul Ball, location: 2F
0-1: Swinging Strike
0-2: Ball
1-2: Foul Ball, location: 2F
1-2: Ball
2-2: Strikes out swinging
Bottom of the 1st over - 0 runs, 1 hit, 0 errors, 1 left on base; University of Minnesota 0 - Louisiana State University 0
TOP OF THE 2ND
University of Minnesota Golden Gophers batting - Pitching for Louisiana State University Tigers : LHP Logan Corrigan
Batting: LHB Josh Rini 0-0: Ball
1-0: Ball
2-0: Ball
3-0: Base on Balls
Batting: RHB Ozzie Buendia 0-0: Called Strike
0-1: Grounds into double play, 5-4-3 (Groundball, 5, EV 87.5 MPH)
Batting: LHB Dick Shafer 0-0: Swinging Strike
0-1: Ball
1-1: Swinging Strike
1-2: Ball
2-2: Ball
3-2: Base on Balls
Batting: RHB Kevin Harris 0-0: Called Strike
0-1: Swinging Strike
0-2: Ball
1-2: Strikes out swinging
Top of the 2nd over - 0 runs, 0 hits, 0 errors, 1 left on base; University of Minnesota 0 - Louisiana State University 0
BOTTOM OF THE 2ND
Louisiana State University Tigers batting - Pitching for University of Minnesota Golden Gophers : LHP Travis Evans
Batting: RHB Peter Turcotte 0-0: Called Strike
0-1: Ball
1-1: Foul Ball, location: 2F
1-2: Foul Ball, location: 2F
1-2: Strikes out swinging
Batting: RHB Winston Vasquez 0-0: Ball
1-0: Ball
2-0: Ball
3-0: Called Strike
3-1: Base on Balls
Batting: LHB Matt Ellington 0-0: Called Strike
0-1: Ball
Pickoff Play to 1st, Runner tries for 2nd, OUT after rundown.
1-1: Called Strike
1-2: Strikes out swinging
Bottom of the 2nd over - 0 runs, 0 hits, 0 errors, 0 left on base; University of Minnesota 0 - Louisiana State University 0
TOP OF THE 3RD
University of Minnesota Golden Gophers batting - Pitching for Louisiana State University Tigers : LHP Logan Corrigan
Batting: RHB Jarrod Strickhouser 0-0: Ball
1-0: Called Strike
1-1: Foul Ball, location: 2F
1-2: Strikes out swinging
Batting: RHB Domingas Saragoa 0-0: Ball
1-0: Called Strike
1-1: Ball
2-1: Foul Ball, location: 2F
2-2: Ball
3-2: Strikes out looking
Batting: RHB Alex Guerra 0-0: Ball
1-0: Ball
2-0: Ground out 4-3 (Groundball, 4, EV 100.0 MPH)
Top of the 3rd over - 0 runs, 0 hits, 0 errors, 0 left on base; University of Minnesota 0 - Louisiana State University 0
BOTTOM OF THE 3RD
Louisiana State University Tigers batting - Pitching for University of Minnesota Golden Gophers : LHP Travis Evans
Batting: RHB Johnny Healey 0-0: Called Strike
0-1: Called Strike
0-2: Ball
1-2: Foul Ball, location: 2F
1-2: Ball
2-2: Ball
3-2: Foul Ball, location: 2F
3-2: Strikes out swinging
Batting: RHB Jesus Resendez 0-0: Swinging Strike
0-1: Swinging Strike
0-2: Foul Ball, location: 2F
0-2: Foul Ball, location: 2F
0-2: Ball
1-2: Foul Ball, location: 2F
1-2: Ball
2-2: Foul Ball, location: 2F
2-2: Strikes out swinging
Batting: LHB Alex Morales 0-0: Ball
1-0: Ball
2-0: Ground out U3 (Groundball, 34S, EV 81.9 MPH)
Bottom of the 3rd over - 0 runs, 0 hits, 0 errors, 0 left on base; University of Minnesota 0 - Louisiana State University 0
TOP OF THE 4TH
University of Minnesota Golden Gophers batting - Pitching for Louisiana State University Tigers : LHP Logan Corrigan
Batting: RHB Tatsuyoshi Ikeda 0-0: Swinging Strike
0-1: Ground out 5-3 (Groundball, 56, EV 85.0 MPH)
Batting: RHB Ned Scovell 0-0: Ball
1-0: Swinging Strike
1-1: Ball
2-1: Swinging Strike
2-2: Ball
3-2: Foul Ball, location: 2F
3-2: SINGLE (Groundball, 56D, EV 101.9 MPH)
Batting: LHB Josh Rini 0-0: Called Strike
0-1: Foul Ball, location: 2F
0-2: Strikes out swinging
Batting: RHB Ozzie Buendia 0-0: Ball
1-0: Called Strike
1-1: Fly out, F8 (Line Drive, 8LM, EV 95.6 MPH)
Top of the 4th over - 0 runs, 1 hit, 0 errors, 1 left on base; University of Minnesota 0 - Louisiana State University 0
BOTTOM OF THE 4TH
Louisiana State University Tigers batting - Pitching for University of Minnesota Golden Gophers : LHP Travis Evans
Batting: RHB Pete Roberts 0-0: Called Strike
0-1: SINGLE (Flyball, 3D, EV 94.4 MPH)
Batting: RHB Leo Roldan 0-0: Ball
1-0: Fielders Choice at 2nd, 6-4 (Groundball, 6, EV 80.6 MPH)
Batting: RHB Keith Ashton 0-0: Called Strike
0-1: Ball
1-1: Fly out, F7 (Flyball, 7S, EV 88.1 MPH)
Batting: RHB Peter Turcotte 0-0: SINGLE (Line Drive, 8LS, EV 86.9 MPH)
Leo Roldan to second
Batting: RHB Winston Vasquez 0-0: Ball
1-0: Swinging Strike
1-1: Fly out, F8 (Flyball, 8RD, EV 96.9 MPH)
Bottom of the 4th over - 0 runs, 2 hits, 0 errors, 2 left on base; University of Minnesota 0 - Louisiana State University 0
TOP OF THE 5TH
University of Minnesota Golden Gophers batting - Pitching for Louisiana State University Tigers : LHP Logan Corrigan
Now at 2B: Michael Maier
Batting: LHB Dick Shafer 0-0: Fly out, F3 (Popup, 3SF, EV 75.6 MPH)
Batting: RHB Kevin Harris 0-0: Ball
1-0: Ball
2-0: Called Strike
2-1: Called Strike
2-2: Ball
3-2: Strikes out looking
Batting: RHB Jarrod Strickhouser 0-0: Ball
1-0: Called Strike
1-1: Ball
2-1: Foul Ball, location: 2F
2-2: Foul Ball, location: 2F
2-2: DOUBLE (Line Drive, 7LS, EV 109.4 MPH)
Batting: RHB Domingas Saragoa 0-0: Ball
1-0: Ball
2-0: Called Strike
2-1: Reached on error, E6 (Groundball, 6, EV 79.4 MPH)
Jarrod Strickhouser scores
Batting: RHB Alex Guerra 0-0: Called Strike
0-1: Called Strike
0-2: Ground out 6-3 (Groundball, 6, EV 90.6 MPH)
Top of the 5th over - 1 run, 1 hit, 1 error, 1 left on base; University of Minnesota 1 - Louisiana State University 0
BOTTOM OF THE 5TH
Louisiana State University Tigers batting - Pitching for University of Minnesota Golden Gophers : LHP Travis Evans
Pitching: RHP Eppe de Jong
Now at C: Jason Mooris
Now at 1B: Jose Garrido
Now at 2B: Farakiko Haunani
Now in RF: Roy Evenden
Batting: LHB Matt Ellington 0-0: Ball
1-0: Called Strike
1-1: Swinging Strike
1-2: Ball
2-2: Foul Ball, location: 2F
2-2: Fly out, F9 (Flyball, 89M, EV 85.0 MPH)
Pinch Hitting: LHB Manny Grado 0-0: Ball
1-0: Foul Ball, location: 2F
1-1: Called Strike
1-2: Fly out, F8 (Flyball, 8LM, EV 88.1 MPH)
Pinch Hitting: RHB Byung-hee Jee 0-0: Fly out, F8 (Flyball, 8LXD, EV 105.0 MPH)
Bottom of the 5th over - 0 runs, 0 hits, 0 errors, 0 left on base; University of Minnesota 1 - Louisiana State University 0
TOP OF THE 6TH
University of Minnesota Golden Gophers batting - Pitching for Louisiana State University Tigers : LHP Logan Corrigan
Pitching: RHP Mike Moore
Now at 1B: David Olivarez
Now in LF: Jake Garza
Now in CF: John Carter
Now in RF: Manny Grado
Batting: RHB Roy Evenden 0-0: Called Strike
0-1: Ball
1-1: Swinging Strike
1-2: Ball
2-2: Strikes out swinging
Pinch Hitting: SHB Chris Rodgers 0-0: Ball
1-0: Ball
2-0: SINGLE (Groundball, 4D, EV 103.1 MPH)
Batting: RHB Mike Satterfield 0-0: Ball
1-0: Ball
2-0: Foul Ball, location: 2F
2-1: Foul Ball, location: 2F
2-2: Ball
3-2: Base on Balls
Chris Rodgers to second
Pinch Hitting: LHB Phil Bonner 0-0: Foul Ball, location: 2F
0-1: Ball
1-1: Ball
2-1: Called Strike
2-2: Strikes out swinging
Batting: RHB Farakiko Haunani 0-0: Foul Ball, location: 2F
0-1: Ball
1-1: Ball
2-1: Foul Ball, location: 2F
2-2: Fly out, F9 (Flyball, 9, EV 88.8 MPH)
Top of the 6th over - 0 runs, 1 hit, 0 errors, 2 left on base; University of Minnesota 1 - Louisiana State University 0
BOTTOM OF THE 6TH
Louisiana State University Tigers batting - Pitching for University of Minnesota Golden Gophers : RHP Eppe de Jong
Pitching: RHP Jin Guan
Now at 3B: Phil Bonner
Now in LF: Jarrod Strickhouser
Now in CF: Alex Villa
Batting: LHB John Carter 0-0: Ball
1-0: Swinging Strike
1-1: Swinging Strike
1-2: Ball
2-2: Strikes out swinging
Batting: RHB Stewart Walker 0-0: Ball
1-0: Ground out 6-3 (Groundball, 6, EV 100.6 MPH)
Pinch Hitting: RHB Steve McCoig 0-0: Called Strike
0-1: Ball
1-1: Called Strike
1-2: Ball
2-2: Strikes out swinging
Bottom of the 6th over - 0 runs, 0 hits, 0 errors, 0 left on base; University of Minnesota 1 - Louisiana State University 0
TOP OF THE 7TH
University of Minnesota Golden Gophers batting - Pitching for Louisiana State University Tigers : RHP Mike Moore
Now at C: Alfredo Padilla
Now at 3B: Keith Ashton
Now at SS: Steve McCoig
Batting: RHB Jason Mooris 0-0: Ball
1-0: Ground out 4-3 (Groundball, 4, EV 85.6 MPH)
Pinch Hitting: LHB Ivan Villegas 0-0: Called Strike
0-1: DOUBLE (Line Drive, 9LS, EV 105.0 MPH)
Pinch Hitting: LHB Jose Moncada 0-0: Called Strike
0-1: Fly out, F9 (Flyball, 89M, EV 90.6 MPH)
Batting: RHB Alex Guerra 0-0: Foul Ball, location: 2F
0-1: Foul Ball, location: 2F
0-2: Foul Ball, location: 2F
0-2: Foul Ball, location: 2F
0-2: Ball
1-2: Strikes out swinging
Top of the 7th over - 0 runs, 1 hit, 0 errors, 1 left on base; University of Minnesota 1 - Louisiana State University 0
BOTTOM OF THE 7TH
Louisiana State University Tigers batting - Pitching for University of Minnesota Golden Gophers : RHP Jin Guan
Now at 1B: Devon Healy
Now in LF: Bobby Agterberg
Pinch Hitting: RHB Bernie Benavides 0-0: Ball
1-0: Foul Ball, location: 2F
1-1: Swinging Strike
1-2: Ball
2-2: Ball
3-2: Strikes out looking
Pinch Hitting: LHB Jon Valdez 0-0: Called Strike
0-1: Ball
1-1: Fly out, F4 (Popup, 4M, EV 55.0 MPH)
Batting: RHB Michael Maier 0-0: Ball
1-0: Ball
2-0: Called Strike
2-1: Ground out U3 (Groundball, 3, EV 87.5 MPH)
Bottom of the 7th over - 0 runs, 0 hits, 0 errors, 0 left on base; University of Minnesota 1 - Louisiana State University 0
TOP OF THE 8TH
University of Minnesota Golden Gophers batting - Pitching for Louisiana State University Tigers : RHP Mike Moore
Pitching: RHP Jeremy Kolb
Now at 1B: Jon Valdez
Now at 3B: Bernie Benavides
Pinch Hitting: RHB Scott Rose 0-0: Ball
1-0: Ground out 4-3 (Groundball, 3D, EV 100.6 MPH)
Batting: LHB Alex Villa 0-0: Ground out U3 (Groundball, 3, EV 100.0 MPH)
Batting: RHB Mike Satterfield 0-0: Ball
1-0: Swinging Strike
1-1: Ball
2-1: Ground out 5-3 (Groundball, 5S, EV 82.5 MPH)
Top of the 8th over - 0 runs, 0 hits, 0 errors, 0 left on base; University of Minnesota 1 - Louisiana State University 0
BOTTOM OF THE 8TH
Louisiana State University Tigers batting - Pitching for University of Minnesota Golden Gophers : RHP Jin Guan
Pitching: RHP Bobby Rodriguez
Now in RF: Dave Uttley
Batting: RHB Alfredo Padilla 0-0: Called Strike
0-1: Ball
1-1: Ball
2-1: Swinging Strike
2-2: Ball
3-2: Strikes out swinging
Batting: LHB Manny Grado 0-0: Called Strike
0-1: Swinging Strike
0-2: Foul Ball, location: 2F
0-2: Ball
1-2: Strikes out looking
Pinch Hitting: SHB Brian Caruso 0-0: Ball
1-0: Ball
2-0: Foul Ball, location: 2F
2-1: Foul Ball, location: 2F
2-2: Ball
3-2: Foul Ball, location: 2F
3-2: Ground out U3 (Groundball, 3, EV 100.0 MPH)
Bottom of the 8th over - 0 runs, 0 hits, 0 errors, 0 left on base; University of Minnesota 1 - Louisiana State University 0
TOP OF THE 9TH
University of Minnesota Golden Gophers batting - Pitching for Louisiana State University Tigers : RHP Jeremy Kolb
Pitching: LHP Nathan Waters
Now in LF: Brian Caruso
Batting: LHB Phil Bonner 0-0: Ball
1-0: Foul Ball, location: 2F
1-1: Ball
2-1: Ground out U3 (Groundball, 3, EV 78.1 MPH)
Batting: RHB Farakiko Haunani 0-0: Ball
1-0: Called Strike
1-1: Ball
2-1: Ground out 6-3 (Groundball, 6, EV 103.8 MPH)
Now at SS: David Dye
Pinch Hitting: RHB Chris Gant 0-0: Foul Ball, location: 2F
0-1: Foul Ball, location: 2F
0-2: Fly out, F9 (Flyball, 9D, EV 96.9 MPH)
Top of the 9th over - 0 runs, 0 hits, 0 errors, 0 left on base; University of Minnesota 1 - Louisiana State University 0
BOTTOM OF THE 9TH
Louisiana State University Tigers batting - Pitching for University of Minnesota Golden Gophers : RHP Bobby Rodriguez
Pitching: LHP Bill Parker
Now at C: Curt Perez
Pinch Hitting: RHB Zachary Acker 0-0: Swinging Strike
0-1: Ball
1-1: Foul Ball, location: 2F
1-2: Ground out 1-3 (Groundball, 15S, EV 69.4 MPH)
Batting: RHB Stewart Walker 0-0: Ball
1-0: Swinging Strike
1-1: Ball
2-1: Ball
3-1: Swinging Strike
3-2: Base on Balls
Pinch Hitting: RHB Elvin Ruffolo 0-0: Ball
1-0: Called Strike
1-1: Called Strike
1-2: Fielders Choice at 2nd, 5-4 (Groundball, 5L, EV 80.0 MPH)
Pinch Hitting: RHB Mike Catalano 0-0: Ball
Wild Pitch!
Elvin Ruffolo to second
1-0: Ball
2-0: Called Strike
2-1: Fly out, F9 (Flyball, 89D, EV 74.4 MPH)
Bottom of the 9th over - 0 runs, 0 hits, 0 errors, 1 left on base; University of Minnesota 1 - Louisiana State University 0
Thursday, December 15th , 2022 - OOTP Baseball 23.9 Build 102